Map: Ulrena

Players

MiNiMaTh

  • Race: Zerg Zerg
  • League: Grandmaster

dTefel (Tefel) - Winner!

  • Race: Zerg Zerg
  • League: Grandmaster

Event: DreamHack ZOWIE Open Leipzig

VOD

Have the link to the VOD?

Description

Time

  • Played on: Jan. 22, 2016, 8:57 a.m.
  • Length: 7:57

All games in this series

Show
View Real Time Build Order
Export as new Build Order

MiNiMaTh Zerg 

Build Orders: Pool First, Zergling Baneling 

Get SALT Encoding   

  12  0:00  Drone  
  13  0:13  Overlord  
  13  0:17  Drone  
  14  0:31  Drone x2  
  14  0:35  Drone  
  17  0:45  Spawning Pool  
  17  0:47  Drone  
  17  0:50  Extractor  
  16  0:58  Drone  
  17  1:07  Drone  
  18  1:19  Hatchery  
  18  1:23  Drone  
  18  1:32  Queen  
  20  1:38  Drone  
  21  1:47  Overlord  
  21  1:51  Metabolic Boost  
  21  1:55  Zergling x2  
  22  2:06  Zergling x2  
  23  2:10  Queen  
  25  2:16  Baneling Nest  
  25  2:17  Zergling x2  
  26  2:22  Zergling x2  
  26  2:32  Zergling x2  
  27  2:40  Zergling x8  
  31  2:48  Overlord  
  31  2:55  Zergling x4  
  33  3:00  Zergling x2  
  33  3:05  Zergling x2  
  35  3:11  Zergling x6  
  38  3:14  Baneling x5  
  38  3:24  Drone  
  38  3:25  Drone x2  
  38  3:38  Zergling x8  
  35  3:44  Zergling x2  
  30  3:51  Zergling x4  
  32  3:56  Zergling x6  
  32  4:01  Baneling  
  35  4:03  Baneling x3  
  35  4:05  Drone  
  35  4:08  Drone  
  37  4:11  Drone  
  38  4:22  Drone x2  
  38  4:34  Zergling x2  
  38  4:35  Zergling x10  
  36  4:40  Zergling x4  
  38  4:46  Zergling x4  
  40  4:55  Zergling x4  
  42  5:00  Baneling x2  
  42  5:01  Baneling x2  
  39  5:08  Zergling x8  
  39  5:11  Drone  
  39  5:13  Roach Warren  
  38  5:30  Drone x5  
  35  5:52  Overlord  
  35  5:53  Roach  
  35  5:54  Roach x3  
  43  5:58  Spine Crawler, Roach  
  44  6:11  Roach x2  
  48  6:12  Overlord, Roach x2  
  48  6:13  Overlord  
  52  6:23  Spine Crawler  
  51  6:34  Roach x3  
  51  6:35  Roach  
  51  6:36  Zergling x4  
  51  6:37  Queen  
  65  6:43  Zergling x6  
  66  6:57  Overlord  
  65  7:13  Overlord x2  
  65  7:19  Hatchery  
  65  7:20  Ravager  
  62  7:35  Roach x2  
Show
View Real Time Build Order
Export as new Build Order

dTefel Zerg - Winner!

Build Orders: Pool First 

Get SALT Encoding   

  12  0:00  Drone  
  13  0:08  Drone  
  14  0:17  Overlord  
  14  0:22  Extractor  
  14  0:23  Drone  
  15  0:35  Drone x2  
  17  0:44  Spawning Pool  
  17  0:48  Drone  
  17  1:10  Hatchery  
  16  1:12  Drone  
  16  1:14  Extractor  
  16  1:16  Drone  
  17  1:20  Drone  
  18  1:31  Queen  
  20  1:36  Overlord  
  20  1:40  Drone  
  21  1:48  Drone  
  22  2:01  Drone  
  23  2:07  Queen  
  25  2:10  Drone  
  26  2:19  Baneling Nest  
  26  2:22  Drone x2  
  27  2:31  Drone  
  28  2:38  Drone  
  28  2:39  Drone x3  
  32  2:44  Overlord  
  32  2:45  Roach Warren  
  32  2:48  Drone  
  32  2:54  Spine Crawler, Zergling x2  
  32  2:57  Drone  
  33  3:04  Zergling x2  
  33  3:05  Zergling x2  
  35  3:11  Zergling x2  
  35  3:12  Baneling x2  
  36  3:13  Zergling x4  
  36  3:15  Zergling x2  
  36  3:16  Zergling x2  
  36  3:17  Zergling x2  
  36  3:19  Zergling x2  
  42  3:26  Zergling x2  
  41  3:28  Zergling x2  
  37  3:39  Zergling x4  
  34  3:43  Queen x2  
  35  3:48  Roach  
  35  3:49  Baneling  
  35  3:53  Roach  
  37  3:58  Drone  
  37  4:01  Baneling x2  
  40  4:02  Roach  
  40  4:07  Baneling  
  40  4:08  Baneling  
  40  4:12  Drone x2  
  41  4:26  Drone x2  
  35  4:39  Roach x2  
  35  4:42  Roach, Zergling x2  
  42  4:56  Overlord  
  42  4:57  Zergling x2  
  43  5:01  Overlord  
  43  5:04  Baneling x2  
  43  5:08  Drone x3  
  43  5:11  Overlord  
  44  5:15  Drone x2  
  44  5:16  Extractor  
  45  5:27  Roach x5  
  53  5:30  Roach x2  
  55  5:37  Roach  
  57  5:44  Queen  
  57  5:45  Roach  
  57  5:46  Zergling x4  
  57  5:48  Zergling x2  
  61  5:51  Drone  
  60  5:57  Roach  
  62  6:04  Roach  
  62  6:05  Roach  
  62  6:06  Zergling x4  
  62  6:09  Overlord  
  68  6:13  Baneling x2  
  68  6:16  Overlord  
  68  6:29  Roach x3  
  68  6:32  Roach  
  76  6:35  Roach  
  76  6:36  Drone x3  
  81  6:40  Drone  
  81  6:51  Roach  
  81  6:52  Roach  
  79  6:57  Roach  
  79  7:00  Hatchery  
  79  7:01  Roach  
  82  7:05  Roach x2  
  82  7:07  Overlord  
  82  7:08  Overlord  
  84  7:13  Overlord  
  84  7:26  Roach  
  84  7:27  Roach x2  
  84  7:28  Overlord  
  84  7:29  Roach  
  94  7:35  Roach  

Tags
 
Add a new tag
Caveats
  • Supply blocks, unpowered buildings, or Contaminate may cause inaccurate times.
  • Supply counts are checked every 10 seconds.